 Dungeon Crawl Stone Soup version 0.28-a0-1567-g1695149f81 (webtiles) character file.

Game seed: 18371465298002476501

272 murtidash the Gusty (level 5, -1/38 HPs)
             Began as a Demigod Air Elementalist on Jan 19, 2022.
             Slain by a goblin (3 damage)
             ... led by Robin
             ... on level 4 of the Dungeon.
             The game lasted 00:04:33 (3461 turns).

murtidash the Gusty (Demigod Air Elementalist)      Turns: 3461, Time: 00:04:34

Health: -1/38      AC:  4    Str:  6    XL:     5   Next: 71%
Magic:  4/13       EV: 12    Int: 21    God:
Gold:   107        SH:  0    Dex: 21    Spells: 4/10 levels left

rFire   . . .      SeeInvis .   n - +6 spear "Jooluutz" {drain, Will+ Str-3 Dex+7}
rCold   . . .      Faith    .   (no shield)
rNeg    . . .      Spirit   .   a - +0 robe
rPois   .          Reflect  .   i - +0 helmet
rElec   .          Harm     .   g - +0 cloak
rCorr   .          Rampage  .   (no gloves)
Will    +....                   (no boots)
Stlth   ++........              (no amulet)
HPRegen 0.12/turn               (no ring)
MPRegen 0.13/turn               (no ring)

@: no status effects
A: high mp 1, forlorn, divine attributes
a: no special abilities


You were on level 4 of the Dungeon.
You visited 1 branch of the dungeon, and saw 4 of its levels.

You collected 107 gold pieces.

Inventory:

Hand Weapons
 f - a +1 dagger of distortion {!w}
   (You took it off a kobold on level 2 of the Dungeon)
 n - the +6 spear "Jooluutz" (weapon) {drain, Will+ Str-3 Dex+7}
   (You found it on level 3 of the Dungeon)

   A truly terrible weapon, it drains the life of any living foe it strikes.
   Str:       It affects your strength (-3).
   Dex:       It affects your dexterity (+7).
   Will:      It increases your willpower.
Armour
 a - a +0 robe (worn)
 g - a +0 cloak (worn)
   (You found it on level 2 of the Dungeon)
 i - a +0 helmet (worn)
   (You found it on level 2 of the Dungeon)
Jewellery
 l - a ring of ice {rC+, rF-}
   (You found it on level 3 of the Dungeon)
Scrolls
 c - a scroll of enchant weapon {unknown}
 d - 4 scrolls of identify {unknown}
 e - 2 scrolls of immolation {unknown}
 h - a scroll of teleportation {unknown}
 j - a scroll of enchant armour {unknown}
 m - a scroll of blinking {unknown}
Potions
 k - a potion of flight {unknown}


   Skills:
 - Level 1.7 Dodging
 - Level 1.7 Stealth
 + Level 3.3 Spellcasting
 + Level 3.1 Conjurations
 + Level 4.1 Air Magic


You had 4 spell levels left.
You knew the following spells:

 Your Spells              Type           Power      Damage    Failure   Level
a - Shock                 Conj/Air       72%        1d7       2%          1
b - Static Discharge      Conj/Air       18%        N/A       4%          2
s - Swiftness             Air            21%        N/A       7%          3

Your spell library contained the following spells:

 Spells                   Type           Power      Damage    Failure   Level
 Airstrike                Air            10%        N/A       22%         4


Dungeon Overview and Level Annotations

Branches:
Dungeon (4/15)
 Temple: D:4-7

Annotations:
D:4 Robin


Innate Abilities, Weirdness & Mutations

You have an increased reservoir of magic. (+10% MP)
You shall have no god before yourself.
Your divine heritage dramatically boosts your attributes as you level up.


Message History

The zap hits Hubris850's ghost. x2; Hubris850's ghost closely misses you.
You now have 2/10 mp.
The zap hits Hubris850's ghost.
You destroy Hubris850's ghost!
Your Spellcasting skill increases to level 3!
Your Conjurations skill increases to level 3!
Your Air Magic skill increases to level 4!
You have reached level 5!
You regained 3 hp, and now have 16/38 hp.
You now have 1/12 mp.
You see here an adder corpse.
There is a stone staircase leading down here.
There is an open translucent door here.
You enter the shallow water.
Moving in this stuff is going to be slow.
n - the +6 spear "Jooluutz" {drain, Will+ Str-3 Dex+7}
There is a collapsed entrance here.
Health restored: 38; MP restored: 12 Really unwield
f - a +1 dagger of distortion {!w}?
You feel weaker.
You feel agile.
You sense an unholy aura.
n - the +6 spear "Jooluutz" (weapon)
{drain, Will+ Str-3 Dex+7}
Okay, then.
Unknown command.
Done exploring.
Done exploring.
Done exploring.
Done exploring.
You enter the shallow water.
Moving in this stuff is going to be slow.
There is an open translucent door here.
There is a stone staircase leading down here.
There are no items here.
Unknown command.
You climb downwards.
The goblin shouts!
The hobgoblin shouts!
The goblin shouts! x3
The hobgoblin shouts!
Robin shouts!
The goblin shouts!
The hobgoblin shouts!
There is a stone staircase leading up here.
Unknown command.
Unknown command.
Okay, then.
Unknown command.
Adjust (i)tems, (s)pells, or (a)bilities?
Adjust which spell?
Z - Static Discharge Adjust to which letter? b - Static Discharge You can't see any susceptible monsters within range! (Use Z to cast anyway.)
The goblin shouts!
The goblin unwields a +0 club.
The goblin wields a +0 hunting sling.
The goblin shoots a stone.
The stone closely misses you. Robin throws the goblin at you!
The goblin is struck by an arc of lightning. x2
The lightning grounds out.
The goblin barely misses you. The goblin hits you but does no damage.
The goblin hits you with a +0 dagger.
Robin roars a battlecry!
The goblins go into a battle-frenzy!
You take 2 damage, and have 36/38 hp.
You now have 10/12 mp.
The goblin is struck by an arc of lightning.
You kill the goblin!
The goblin is struck by an arc of lightning.
You kill the goblin!
The lightning grounds out.
The goblin shoots a stone.
The stone misses you. The hobgoblin hits you.
The goblin hits you with a +0 club. The goblin barely misses you.
You take 8 damage, and have 28/38 hp.
MASSIVE DAMAGE!!
You now have 8/13 mp.
The goblin is struck by an arc of lightning!
You kill the goblin!
The lightning grounds out.
The hobgoblin is struck by an arc of lightning!
You kill the hobgoblin!
The goblin is struck by an arc of lightning.
The lightning grounds out.
The goblin hits you with a +0 club. Robin throws the goblin at you!
The hobgoblin barely misses you.
The goblin hits you but does no damage. x2; The hobgoblin barely misses you.
The goblin hits you with a +0 dagger.
You take 8 damage, and have 20/38 hp.
MASSIVE DAMAGE!!
You now have 6/13 mp.
The goblin is struck by an arc of lightning.
You kill the goblin!
You are struck by an arc of lightning.
The lightning grounds out.
The goblin is struck by an arc of lightning.
The hobgoblin is struck by an arc of lightning!
You kill the hobgoblin!
The lightning grounds out.
The goblin hits you but does no damage.
The goblin unwields a +0 hunting sling.
The goblin wields a +0 club.
The goblin hits you with a +0 club. x2
* * * LOW HITPOINT WARNING * * *
The goblin hits you with a +0 dagger.
* * * LOW HITPOINT WARNING * * *
The hobgoblin hits you.
* * * LOW HITPOINT WARNING * * *
You take 15 damage, and have 5/38 hp.
MASSIVE DAMAGE!!
You now have 4/13 mp.
You feel better. The goblin closely misses you.
The goblin hits you but does no damage. The goblin hits you with a +0 dagger.
* * * LOW HITPOINT WARNING * * *
The hobgoblin hits you.
* * * LOW HITPOINT WARNING * * *
The goblin hits you with a +0 club.
You die...

##### ##
#...# ..
###...#.###
#..g.......
#.)gg...#
#.g@g...#
###gg......
#...#.###
#......#
#.#....
..#....#
#####.## .#


You could see Robin, a hobgoblin (strong) and 5 goblins.

Vanquished Creatures
  The ghost of Hubris850 the Changer, an amateur OpTm (D:3)
  5 adders
  A worm (D:2)
  3 dart slugs
  An orc (D:3)
  6 bats
  5 endoplasms
  6 goblins
  4 hobgoblins
  2 kobolds
  3 quokkas
  4 ball pythons
  A frilled lizard (D:1)
  3 rats
45 creatures vanquished.

Vanquished Creatures (others)
  3 plants (D:2)
  4 withered plants (D:2)
7 creatures vanquished.

Grand Total: 52 creatures vanquished

Notes
Turn   | Place    | Note
-------+----------+-------------------------------------------
     0 | D:1      | murtidash the Demigod Air Elementalist began the quest for
                  | the Orb.
     0 | D:1      | Reached XP level 1. HP: 14/14 MP: 5/5
   109 | D:1      | Reached skill level 1 in Conjurations
   444 | D:1      | Reached skill level 2 in Spellcasting
   621 | D:1      | Reached XP level 2. HP: 20/20 MP: 0/7
   624 | D:1      | Learned a level 2 spell: Static Discharge
   821 | D:1      | Reached skill level 3 in Air Magic
  1699 | D:2      | HP: 4/20 [adder (3)]
  1701 | D:2      | Reached XP level 3. HP: 5/26 MP: 1/9
  2396 | D:2      | Reached skill level 2 in Conjurations
  2679 | D:3      | Found a runed translucent door.
  2705 | D:3      | Noticed Hubris850's ghost (amateur OpTm)
  3228 | D:3      | Learned a level 3 spell: Swiftness
  3235 | D:3      | Reached XP level 4. HP: 25/33 MP: 7/10
  3248 | D:3      | Killed Hubris850's ghost
  3249 | D:3      | Reached skill level 3 in Spellcasting
  3249 | D:3      | Reached skill level 3 in Conjurations
  3249 | D:3      | Reached skill level 4 in Air Magic
  3249 | D:3      | Reached XP level 5. HP: 16/38 MP: 1/12
  3442 | D:3      | Identified the +6 spear "Jooluutz" {drain, Will+ Str-3
                  | Dex+7}
  3455 | D:4      | Noticed Robin
  3460 | D:4      | HP: 5/38 [hobgoblin[Robin] (5)]
  3461 | D:4      | HP: 2/38 [hobgoblin[Robin] (6)]
  3461 | D:4      | Slain by a goblin

Illustrated notes

Levels and vault maps discovered:
D:1:      lightli_arrival_farm, layout_basic
D:2:      layout_loops_ring, shapermc_ecumenical_altar_flowoftime
D:3:      layout_rooms, ebering_ghost_sewer_d, kennysheep_generic_room_3
D:4:      layout_loops_corners, grunt_temple_overflow_diamond, uniq_robin

Skill      XL: |  1  2  3  4 |
---------------+-------------+-----
Conjurations   | 1 2 3 |  3.1
Spellcasting   | 2 3 |  3.3
Air Magic      | 3 4 |  4.1
Dodging        | |  1.7
Stealth        | |  1.7

Action                   |  1- 3 |  4- 6 || total
-------------------------+-------+-------++-------
Melee: Dagger            |     5 |       ||     5
 Cast: Shock             |    97 |     6 ||   103
       Static Discharge  |       |     5 ||     5
  Use: Potion            |       |     2 ||     2
Armor: Robe              |     8 |    10 ||    18
Dodge: Dodged            |    15 |    13 ||    28

Table legend: (Time is in decaauts)
 A = Elapsed time spent in this place.
 B = Non-inter-level travel time spent in this place.
 C = Inter-level travel time spent in this place.
 D = Time resting spent in this place.
 E = Time spent auto-exploring this place.
 F = Levels seen in this place.
 G = Mean time per level.
                   A        B        C        D        E       F      G
               +--------+--------+--------+--------+--------+-----+--------+
         Total |   3483 |   3370 |    113 |      0 |   3129 |   4 |  870.8 |
       Dungeon |   3483 |   3370 |    113 |      0 |   3129 |   4 |  870.8 |
               +--------+--------+--------+--------+--------+-----+--------+

Top non-repeatable levels by time:
     D:1: 1381 daAuts
     D:2: 1149 daAuts
     D:3: 947 daAuts
     D:4: 5 daAuts

Table legend:
 A = Kills in this place as a percentage of kills in entire the game.
 B = Kills by you in this place as a percentage of kills by you in the entire game.
 C = Kills by friends in this place as a percentage of kills by friends in the entire game.
 D = Other kills in this place as a percentage of other kills in the entire game.
 E = Experience gained in this place as a percentage of experience gained in the entire game.
 F = Experience gained in this place divided by the number of levels of this place that you have seen.
                   A       B       C       D       E      F
               +-------+-------+-------+-------+-------+----------------------
         Total | 100.0 | 100.0 |   N/A |   N/A | 100.0 |  97.2
       Dungeon | 100.0 | 100.0 |   N/A |   N/A | 100.0 |  97.2
               +-------+-------+-------+-------+-------+----------------------
